 Dungeon Crawl Stone Soup version 0.28.0-43-g3370ac3207 (webtiles) character file.

Game seed: 3594632007118728818

119 vvl the Stinger (level 4, -1/36 HPs)
             Began as a Draconian Venom Mage on Mar 4, 2022.
             Slain by an orc wizard
             ... wielding a +2 dagger of speed
              (5 damage)
             ... on level 1 of the Dungeon.
             The game lasted 00:04:24 (2212 turns).

vvl the Stinger (Draconian Venom Mage)              Turns: 2212, Time: 00:04:25

Health: -1/36      AC:  5    Str: 10    XL:     4   Next: 74%
Magic:  5/8        EV: 12    Int: 18    God:
Gold:   39         SH:  0    Dex: 11    Spells: 7/8 levels left

rFire   . . .      SeeInvis .   i - +0 short sword
rCold   . . .      Faith    .   (no shield)
rNeg    . . .      Spirit   .   (armour unavailable)
rPois   .          Reflect  .   (helmet restricted)
rElec   .          Harm     .   (no cloak)
rCorr   .          Rampage  .   (no gloves)
Will    .....                   (no boots)
Stlth   ++........              (no amulet)
HPRegen 0.12/turn               (no ring)
MPRegen 0.11/turn               (no ring)

@: no status effects
A: AC +5, unfitting armour, cold-blooded
a: no special abilities


You were on level 1 of the Dungeon.
You visited 1 branch of the dungeon, and saw 3 of its levels.

You collected 39 gold pieces.

Inventory:

Hand Weapons
 i - a +0 short sword (weapon)
Magical Staves
 d - a staff of cold
Jewellery
 j - a ring of resist corrosion
Scrolls
 b - a scroll of enchant weapon {unknown}
 c - 2 scrolls of fog {unknown}
 e - a scroll of vulnerability {unknown}
 f - a scroll of magic mapping {unknown}
 g - 2 scrolls of identify {unknown}
Potions
 a - a potion of ambrosia {unknown}
 h - a potion of attraction {unknown}


   Skills:
 + Level 1.9 Fighting
 + Level 2.5 Dodging
 - Level 2.0 Stealth
 + Level 2.7 Spellcasting
 + Level 2.0 Transmutations
 + Level 3.6 Poison Magic


You had 7 spell levels left.
You knew the following spells:

 Your Spells              Type           Power      Damage    Failure   Level
a - Sting                 Tmut/Pois      48%        1d5       5%          1

Your spell library contained the following spells:

 Spells                   Type           Power      Damage    Failure   Level
 Poisonous Vapours        Pois/Air       16%        N/A       12%         2
 Mephitic Cloud           Conj/Pois/Air  6%         N/A       30%         3
 Olgreb's Toxic Radiance  Pois           15%        N/A       36%         4
 Ozocubu's Armour         Ice            2%         N/A       45%         3
 Metabolic Englaciation   Hex/Ice        1%         N/A       99%         5
 Simulacrum               Ice/Necr       1%         N/A       100%        6


Dungeon Overview and Level Annotations

Branches:
Dungeon (3/15)

Altars:

Shops:
D:1 [!?(?


Innate Abilities, Weirdness & Mutations

Your plain brown scales are hard. (AC +5)
You cannot fit into any form of body armour.
You are cold-blooded and may be slowed by cold attacks.


Message History

Something tries to affect you, but you resist.
You miss something. Something hits you. x2
You hit something but do no damage.
Your tail-slap misses something.
Something hits you.
You barely miss something.
You hear some strange, mumbled words.
A magic dart appears from out of thin air!
The magic dart hits you!
You barely miss something.
Your tail-slap misses something.
Something completely misses you. Something hits you.
You hear some strange, mumbled words.
Something tries to affect you, but you resist.
You hear some strange, mumbled words.
Something tries to affect you, but you resist.
You see here a +0 spear.
You see here a +0 leather armour.
There is a strange disturbance nearby!
There is a strange disturbance nearby!
You hear some strange, mumbled words.
You are confused.
You're too confused to move!
Something hits you but does no damage.
You bump into the rock wall.
Something hits you. Something hits you but does no damage.
You feel less confused.
There is a stone staircase leading up here.
Something hits you.
* * * LOW HITPOINT WARNING * * *
Something hits you.
* * * LOW HITPOINT WARNING * * *
You climb upwards.
Reactivating autopickup.
There is a stone staircase leading down here.
You start resting.
Something completely misses you. Something barely misses you.
Something hits you but does no damage.
Deactivating autopickup; reactivate with Ctrl-A.
Something hits you.
* * * LOW HITPOINT WARNING * * *
Something hits you.
You die...

#.....###..............
#......................
#......##..............
#....(.######..........
#.....>................
##......######..........
#..........# #..........
#..........# #..........
#......@...# ###########
#######..........#
#.....#..........#
#.....#..........#
#.....#..........#######
###
#.....#######.####.....#
#.. #.....# #.....#
#.....# #.. #.#.###
#.#.### #.....# #..
##.#.#####.#.# #.....#
#..


There were no monsters in sight!

Vanquished Creatures
  An orc priest (D:2)
  5 adders (D:2)
  A worm (D:2)
  2 dart slugs
  3 orcs (D:2)
  4 ball pythons
  2 endoplasms
  A giant cockroach (D:1)
  4 goblins
  3 hobgoblins
  A jackal (D:3)
  2 kobolds
  2 quokkas
  A bat (D:2)
  A frilled lizard (D:1)
  5 rats
38 creatures vanquished.

Notes
Turn   | Place    | Note
-------+----------+-------------------------------------------
     0 | D:1      | vvl the Draconian Venom Mage began the quest for the Orb.
     0 | D:1      | Reached XP level 1. HP: 14/14 MP: 3/3
    17 | D:1      | Found a faded altar of an unknown god.
    19 | D:1      | Found Zubioq's Magic Scroll Boutique.
    86 | D:1      | Found Umid's Antique Weapon Shoppe.
   166 | D:1      | Found Peefomag's Magic Scroll Boutique.
   314 | D:1      | Found Setuix's Antique Armour Shoppe.
   389 | D:1      | Found Daububu's Distillery.
   391 | D:1      | Reached XP level 2. HP: 22/22 MP: 3/5
   920 | D:2      | Reached skill level 1 in Fighting
  1179 | D:2      | Reached XP level 3. HP: 28/28 MP: 3/6
  1403 | D:2      | Reached XP level 4. HP: 32/35 MP: 0/7
  2212 | D:1      | Slain by an orc wizard

Illustrated notes

Levels and vault maps discovered:
D:1:      amcnicky_arrival_blooded_trapdoor, layout_basic,
          ebering_ecumenical_altar_abandoned, serial_shops, shop, shop,
          nicolae_shop_hallway_plus, shop, shop
D:2:      cheibrodos_pilgrimage, layout_basic, grunt_ministairs_8,
          guppyfry_early_orc_mine
D:3:      layout_rooms, grunt_temple_overflow_order_and_chaos_1, uniq_jessica

Skill      XL: |  1  2  3  4 |
---------------+-------------+-----
Stealth        | 2 |  2.0
Dodging        | 2 |  2.5
Fighting       | 1 |  1.9
Transmutations | 2 |  2.0
Spellcasting   | |  2.7
Poison Magic   | |  3.6

Action                   |  1- 3 |  4- 6 || total
-------------------------+-------+-------++-------
Melee: Unarmed           |     5 |       ||     5
       Short sword       |    25 |    16 ||    41
       Tailslap          |     1 |     2 ||     3
 Cast: Sting             |    45 |    25 ||    70
Armor: Skin              |    12 |    11 ||    23
Dodge: Dodged            |    50 |    15 ||    65
